 Dungeon Crawl Stone Soup version 0.22.1-6-g1668fe2 (webtiles) character file.

7917 Fang the Cleaver (level 11, -2/69 HPs)
             Began as a Gargoyle Berserker on Jan 25, 2019.
             Was a High Priest of Trog.
             Slain by a death yak (5 damage)
             ... on level 11 of the Dungeon on Jan 28, 2019.
             The game lasted 00:12:16 (9434 turns).

Fang the Cleaver (Gargoyle Berserker)               Turns: 9434, Time: 00:12:18

Health: -2/69      AC: 21    Str: 24    XL:     11   Next: 22%
Magic:  3/3        EV:  9    Int:  8    God:    Trog [*****.]
Gold:   844        SH:  0    Dex:  9    Spells: 10/10 levels left

rFire    . . .     SeeInvis +   g - +2 battleaxe (antimagic)
rCold    + . .     Gourm    .   (shield currently unavailable)
rNeg     + . .     Faith    .   m - +0 chain mail of Neuggiept {rF+}
rPois    ∞         Spirit   .   (no helmet)
rElec    +         Reflect  .   (no cloak)
rCorr    .         Harm     .   (no gloves)
MR       .....                  l - +1 pair of boots
Stlth    ..........             (no amulet)
HPRegen  0.21/turn              h - ring of see invisible
MPRegen  0.08/turn              u - ring of ice

@: berserk cooldown, slowed, very slow
A: negative energy resistance 1, electricity resistance, unbreathing,
petrification resistance, rot immunity, AC +8
a: Berserk, Trog's Hand, Brothers in Arms, Renounce Religion


You were on level 11 of the Dungeon.
You worshipped Trog.
Trog was extremely pleased with you.
You were very hungry.

You visited 2 branches of the dungeon, and saw 12 of its levels.
You also visited: Ossuary.

You collected 844 gold pieces.

Inventory:

Hand Weapons
 g - a +2 antimagic battleaxe (weapon)
 A - a +4 war axe
Armour
 e - a +1 plate armour
 l - a +1 pair of boots (worn)
 m - the +0 chain mail of Neuggiept (worn) {rF+}
   (You found it on level 10 of the Dungeon)

   It protects you from fire.
Jewellery
 h - a ring of see invisible (left hand)
 u - a ring of ice (right hand)
Wands
 f - a wand of flame (10)
 t - a wand of paralysis (34)
 C - a wand of clouds (5)
Scrolls
 d - a scroll of identify
 i - a scroll of magic mapping
 n - 6 scrolls of teleportation
 o - a scroll of enchant armour
 p - 5 scrolls of remove curse
Potions
 b - 4 potions of invisibility
 j - 7 potions of curing
 k - 2 potions of flight
 q - a potion of berserk rage
 r - 3 potions of agility
 s - 3 potions of lignification
 v - a potion of resistance
 w - 2 potions of might
 E - 2 potions of magic
Comestibles
 c - 24 rations


   Skills:
 + Level 8.4 Fighting
 + Level 12.0 Axes
 + Level 8.9 Armour
 + Level 2.8 Dodging
 + Level 1.3 Stealth


You had 10 spell levels left.
You didn't know any spells.
Your spell library was empty.

Dungeon Overview and Level Annotations

Branches:
Dungeon (11/15)            Temple (1/1) D:4
   Lair: D:8-11         Orc: D:9-12

Altars:
Ashenzari
Dithmenos
Fedhas
Gozag
Hepliaklqana
Kikubaaqudgha
Okawaru
Trog
Vehumet
Wu Jian
Xom
Zin

Shops:
D:7 (


Innate Abilities, Weirdness & Mutations

You are resistant to torment.
Your stone body is resilient. (AC +8)
You are immune to poison.
You resist negative energy. (rN+)
You are resistant to electric shocks. (rElec)
You can survive without breathing.
You are immune to petrification.
You are immune to rotting.


Message History

* * * LOW HITPOINT WARNING * * *
Your ogre barely misses the rat.
The centaur shoots an arrow.
The arrow hits you but does no damage.
The death yak gores you but does no damage.
You see here an arrow.
Your ogre barely misses the quokka.
The centaur shoots an arrow.
The arrow hits you.
* * * LOW HITPOINT WARNING * * *
The death yak snorts and paws the ground.
The porcupine bites your ogre.
You see here an arrow.
Unknown command.
You feel better.
Your ogre barely misses the porcupine.
The porcupine bites your ogre! The death yak gores you!
* * * LOW HITPOINT WARNING * * *
Your ogre hits the porcupine with a giant club!!!
The porcupine dies!
Trog accepts your kill. The death yak gores you.
You die...

#.......####..
#...(...# #..
#.......# ###
####.......#####.
#................
#.##.......######
#^##..........
##.##..<....#...
#@Y##.......#...
##Y###.......# ..
#rcr##########
#.#O†.# #..†..#
#>......
#.........
#.........#
.....#.#..#


You could see 2 death yaks, a centaur, a quokka, a rat and a friendly ogre
(berserk).

Vanquished Creatures
  A death yak (D:11)
  Psyche (D:8)
  A troll (D:9)
  A hornet (D:9)
  3 hippogriffs
  A spriggan (D:7)
  A wyvern (D:9)
  9 yaks (D:9)
  A soldier ant (D:8)
  An orc warrior (D:7)
  3 sky beasts
  2 black bears
  7 ogres
  2 phantoms
  3 ice beasts
  A necrophage (D:5)
  2 centaurs
  2 big kobolds
  7 bullfrogs
  A water moccasin zombie (D:5)
  2 scorpions
  A water moccasin skeleton (D:7)
  4 wights (D:6)
  A howler monkey (D:6)
  2 crimson imps
  2 bullfrog zombies
  3 hounds
  2 human zombies (Ossuary)
  3 orc priests
  4 jellies
  9 orc wizards
  A bullfrog skeleton (D:7)
  2 centaur skeletons
  2 iguanas
  6 worker ants
  2 hell rats (D:11)
  A big kobold zombie (Ossuary)
  3 hound zombies
  2 hound skeletons
  4 mummies (Ossuary)
  A worker ant zombie (D:7)
  3 gnolls (D:9)
  10 adders
  A howler monkey skeleton (D:7)
  4 oozes
  2 adder zombies (Ossuary)
  2 adder skeletons
  A dart slug (D:3)
  7 leopard geckos
  30 orcs
  7 giant cockroaches
  2 goblins (D:2)
  9 hobgoblins
  11 jackals
  7 quokkas
  2 bats
  3 frilled lizards (D:2)
  A goblin zombie (Ossuary)
  A hobgoblin zombie (Ossuary)
  21 kobolds
  A kobold zombie (Ossuary)
  An orc zombie (Ossuary)
  6 rats
  A rat zombie (Ossuary)
240 creatures vanquished.

Vanquished Creatures (collateral kills)
  A porcupine (D:11)
1 creature vanquished.

Grand Total: 241 creatures vanquished

Notes
Turn   | Place    | Note
-------+----------+-------------------------------------------
     0 | D:1      | Fang the Gargoyle Berserker began the quest for the Orb.
     0 | D:1      | Reached XP level 1. HP: 14/14 MP: 1/1
   136 | D:1      | Reached XP level 2. HP: 12/19 MP: 2/2
   291 | D:1      | Reached skill level 3 in Axes
   758 | D:2      | Reached XP level 3. HP: 24/24 MP: 3/3
  1135 | D:2      | Reached ** piety under Trog
  1156 | D:2      | Reached XP level 4. HP: 25/29 MP: 4/4
  1610 | D:3      | Found an ornate altar of the Wu Jian Council.
  1663 | D:3      | Found a radiant altar of Vehumet.
  2019 | D:4      | Noticed an ogre
  2029 | D:4      | Killed an ogre
  2029 | D:4      | Reached skill level 4 in Axes
  2029 | D:4      | Reached XP level 5. HP: 33/33 MP: 5/5
  2223 | D:4      | Found a staircase to the Ecumenical Temple.
  2391 | D:4      | Noticed an ogre
  2398 | D:4      | Killed an ogre
  2398 | D:4      | Reached XP level 6. HP: 28/39 MP: 6/6
  2586 | D:4      | Reached skill level 5 in Axes
  2650 | D:4      | Found an iron altar of Okawaru.
  3115 | Temple   | Entered the Ecumenical Temple
  3131 | D:5      | Entered Level 5 of the Dungeon
  3165 | D:5      | Noticed an ice beast
  3177 | D:5      | Killed an ice beast
  3177 | D:5      | Reached skill level 1 in Stealth
  3177 | D:5      | Reached XP level 7. HP: 35/44 MP: 7/7
  3187 | D:5      | Found a shimmering altar of Xom.
  3188 | D:5      | Found a blossoming altar of Fedhas.
  3188 | D:5      | Found an ancient bone altar of Kikubaaqudgha.
  3189 | D:5      | Found a shadowy altar of Dithmenos.
  3405 | D:5      | Found a shattered altar of Ashenzari.
  3506 | D:5      | Reached *** piety under Trog
  3523 | D:5      | Reached skill level 5 in Armour
  3530 | D:5      | Reached skill level 6 in Axes
  3624 | D:5      | Reached skill level 5 in Fighting
  3624 | D:5      | Reached XP level 8. HP: 49/49 MP: 8/8
  4412 | D:6      | Reached skill level 7 in Axes
  4703 | D:6      | Reached skill level 8 in Axes
  4792 | D:6      | Found a sand-covered staircase.
  4804 | Ossuary  | Entered an ossuary
  4817 | Ossuary  | Reached **** piety under Trog
  4821 | Ossuary  | Reached XP level 9. HP: 41/55 MP: 9/9
  5425 | D:7      | Reached skill level 9 in Axes
  5706 | D:7      | Found an opulent altar of Gozag.
  5707 | D:7      | Found a bloodstained altar of Trog.
  5932 | D:7      | Found Laoron's Antique Weapon Boutique.
  6356 | D:8      | Reached skill level 10 in Axes
  6377 | D:8      | Reached XP level 10. HP: 44/63 MP: 10/10
  6579 | D:8      | Noticed Psyche
  6589 | D:8      | Killed Psyche
  6593 | D:8      | Reached ***** piety under Trog
  7207 | D:9      | Reached skill level 11 in Axes
  7640 | D:9      | Received a gift from Trog
  8044 | D:10     | Entered Level 10 of the Dungeon
  8315 | D:10     | Reached XP level 11. HP: 67/68 MP: 3/11
  8398 | D:10     | Found a glowing silver altar of Zin.
  8541 | D:10     | Got a jewelled chain mail
  8552 | D:10     | Identified the cursed +0 chain mail of Neuggiept {rF+} (You
                  | found it on level 10 of the Dungeon)
  9409 | D:11     | Noticed a death yak
  9411 | D:11     | Noticed a death yak
  9417 | D:11     | Killed a death yak
  9417 | D:11     | Reached skill level 12 in Axes
  9417 | D:11     | Noticed a death yak
  9434 | D:11     | HP: 3/69 [death yak (17)]
  9434 | D:11     | Slain by a death yak

Skill      XL: |  1  2  3  4  5  6  7  8  9 10 11 |
---------------+----------------------------------+-----
Axes           | 3 4 5 6 8 10 11 12 | 12.0
Dodging        | 2 |  2.8
Fighting       | 4 5 7 8 |  8.4
Armour         | 3 4 5 6 7 8 |  8.9
Stealth        | 1 |  1.3

Action                   |  1- 3 |  4- 6 |  7- 9 | 10-12 || total
-------------------------+-------+-------+-------+-------++-------
Melee: Hand axe          |   115 |    68 |       |       ||   183
       War axe           |       |    54 |   379 |   116 ||   549
       Battleaxe         |       |       |       |   143 ||   143
Invok: Berserk           |       |     3 |       |     2 ||     5
       Brothers in Arms  |       |       |       |     1 ||     1
  Use: Scroll            |       |       |       |    25 ||    25
       Potion            |       |       |       |     2 ||     2
 Stab: Invisible         |       |       |       |     2 ||     2
  Eat: Chunk             |     1 |     3 |     7 |    11 ||    22
       Ration            |       |     2 |     1 |       ||     3
Armor: Plate armour      |    95 |    80 |   299 |   156 ||   630
       Chain mail        |       |       |       |    52 ||    52
Dodge: Dodged            |    35 |    45 |   158 |   120 ||   358
